 Dungeon Crawl Stone Soup version 0.31-a0-1074-g0b22e4e0f1 (webtiles) character file.

Game seed: 14500286330785616058

70 horus123 the Chiller (level 3, -1/26 HPs)
             Began as a Demigod Ice Elementalist on Dec 6, 2023.
             Slain by an orc wizard
             ... wielding a +0 dagger
              (3 damage)
             ... on level 3 of the Dungeon.
             The game lasted 00:03:45 (1862 turns).

horus123 the Chiller (Demigod Ice Elementalist)     Turns: 1862, Time: 00:03:46

Health: -1/26      AC:  5    Str:  9    XL:     3   Next: 77%
Magic:  8/10       EV: 12    Int: 21    God:
Gold:   79         SH:  0    Dex: 14    Spells: 1/8 levels left

rFire   . . .        j - +0 short sword
rCold   . . .        (no shield)
rNeg    . . .        a - +0 robe
rPois   .            d - +1 helmet
rElec   .            k - +0 cloak
rCorr   +            (no gloves)
SInv    .            (no boots)
Will    .....        (no amulet)
Stlth   +            i - ring of resist corrosion
HPRegen 0.24/turn    (no ring)
MPRegen 0.12/turn

%: no passive effects
@: confused
A: high MP 1, forlorn, divine attributes
a: no special abilities


You were on level 3 of the Dungeon.
You visited 1 branch of the dungeon, and saw 3 of its levels.

You collected 79 gold pieces.

Inventory:

Hand Weapons
 j - a +0 short sword (weapon)
 p - a +0 dagger of draining
Missiles
 h - a throwing net
Armour
 a - a +0 robe (worn)
 d - a +1 helmet (worn)
 k - a +0 cloak (worn)
Magical Staves
 e - a staff of air
Jewellery
 i - a ring of resist corrosion (left hand)
 r - an amulet of guardian spirit
Scrolls
 f - a scroll of revelation {unknown}
 g - a scroll of noise {unknown}
 m - 3 scrolls of identify {unknown}
 n - a scroll of summoning {unknown}
 o - a scroll of fog {unknown}
 s - a scroll of amnesia {unknown}
Potions
 b - a potion of magic
 c - a potion of curing {unknown}
 l - a potion of heal wounds {unknown}
 q - a potion of berserk rage {unknown}
 t - a potion of might {unknown}


   Skills:
 - Level 1.7 Dodging
 - Level 1.7 Stealth
 - Level 3.0 Spellcasting
 + Level 4.3 Ice Magic


You had one spell level left.
You knew the following spells:

 Your Spells              Type           Power      Damage    Failure   Level
a - Freeze                Ice            84%        1d9       2%          1
b - Frozen Ramparts       Ice            42%        1d7       7%          3
c - Ozocubu's Armour      Ice            21%        N/A       7%          3

Your spell library contained the following spells:

 Spells                   Type           Power      Damage    Failure   Level
 Summon Ice Beast         Ice/Summ       12%        N/A       47%         4
 Anguish                  Hex/Necr       1%         N/A       78%         4
 Cause Fear               Hex            1%         N/A       78%         4
 Enfeeble                 Hex            1%         N/A       100%        7


Dungeon Overview and Level Annotations

Branches:
Dungeon (3/15)


Innate Abilities, Weirdness & Mutations

You have an increased reservoir of magic. (+10% MP)
You shall have no god before yourself.
Your divine heritage dramatically boosts your attributes as you level up.


Message History

You freeze the orc wizard.
The orc wizard is severely wounded.
The orc wizard casts a spell at you.
You are confused.
You're too confused to cast spells.
You miss the orc wizard.
The orc wizard is severely wounded.
The orc wizard casts a spell.
The orc wizard flickers and vanishes!
Deactivating autopickup; reactivate with Ctrl-A.
You bump into the rock wall.
The orc throws a boomerang.
The boomerang misses you.
The orc wizard casts a spell.
The orc wizard flickers and vanishes!
Something hits you.
You barely miss something.
The orc throws a boomerang.
The boomerang hits you but does no damage.
You hear some strange, mumbled words.
You are more confused.
You bump into the rock wall.
Something barely misses you.
You miss something. Something hits you but does no damage.
You bump into the rock wall.
You hear some strange, mumbled words.
A magic dart appears from out of thin air!
The magic dart hits you!
* * * LOW HITPOINT WARNING * * *
You hear some strange, mumbled words.
You are more confused.
The orc throws a boomerang.
The boomerang barely misses you. Something hits you but does no damage.
You closely miss something. Something hits you.
* * * LOW HITPOINT WARNING * * *
You bump into the rock wall.
The orc throws a boomerang.
The boomerang misses you.
You hear some strange, mumbled words.
A puff of flame appears from out of thin air!
The puff of flame hits you.
* * * LOW HITPOINT WARNING * * *
Okay, then.
You barely miss something. Something hits you.
You die... ......# ..... ..... ... ro.

#o# . #{# # #@# #.#### .##
#.# ..... ...## #.# #...##
#....##.### .....#
#........# .....#
####<.....#### .....#
###....<.......###
)....##....#####.####...##
........## #.# ###..#


You could see 2 orcs and a rat.

Vanquished Creatures
  Terence (D:3)
  A dart slug (D:1)
  6 bats
  3 endoplasms
  2 giant cockroaches (D:2)
  5 goblins
  2 hobgoblins (D:3)
  3 jackals (D:1)
  2 quokkas
  4 ball pythons
  A frilled lizard (D:3)
  8 kobolds
  5 rats
43 creatures vanquished.

Notes
Turn   | Place    | Note
-------+----------+-------------------------------------------
     0 | D:1      | horus123 the Demigod Ice Elementalist began the quest for
                  | the Orb.
     0 | D:1      | Reached XP level 1. HP: 14/14 MP: 5/5
   346 | D:1      | Reached XP level 2. HP: 20/20 MP: 5/8
  1369 | D:2      | Reached XP level 3. HP: 20/25 MP: 7/10
  1373 | D:2      | Learned a level 3 spell: Frozen Ramparts
  1377 | D:2      | Learned a level 3 spell: Ozocubu's Armour
  1724 | D:3      | Reached skill level 4 in Ice Magic
  1760 | D:3      | Noticed Terence
  1769 | D:3      | Killed Terence
  1862 | D:3      | Slain by an orc wizard

Illustrated notes

Levels and vault maps discovered:
D:1:      dpeg_arrival_refuge, layout_rooms, minmay_pentomino_q2
D:2:      layout_basic
D:3:      layout_rooms, chei_slow_surprise, basic_ecumenical_altar, uniq_terence

Skill      XL: |  1  2  3 |
---------------+----------+-----
Spellcasting   | 2 3 |  3.0
Ice Magic      | 4 |  4.3
Dodging        | |  1.7
Stealth        | |  1.7

Action                     || total
---------------------------++-------
  Melee: Unarmed           ||     6
         Punch             ||     1
         Staff             ||     3
         Short sword       ||     7
   Cast: Freeze            ||    71
 Armour: Robe              ||    45
  Dodge: Dodged            ||    51

Table legend: (Time is in decaauts)
 A = Elapsed time spent in this place.
 B = Non-inter-level travel time spent in this place.
 C = Inter-level travel time spent in this place.
 D = Time resting spent in this place.
 E = Time spent auto-exploring this place.
 F = Levels seen in this place.
 G = Mean time per level.
                   A        B        C        D        E       F      G
               +--------+--------+--------+--------+--------+-----+--------+
         Total |   1860 |   1822 |     38 |     59 |   1439 |   3 |  620.0 |
       Dungeon |   1860 |   1822 |     38 |     59 |   1439 |   3 |  620.0 |
               +--------+--------+--------+--------+--------+-----+--------+

Top non-repeatable levels by time:
     D:1: 835 daAuts
     D:2: 747 daAuts
     D:3: 277 daAuts
